 Dungeon Crawl Stone Soup version 0.17-a0-1404-gb8113a6 (webtiles) character file.

8244 Snupthedog the Black Sun (level 11, -2/96 HPs)
             Began as a Deep Dwarf Necromancer on June 21, 2015.
             Was a High Priest of Kikubaaqudgha.
             Shot with an arrow by a centaur (12 damage)
             ... on level 11 of the Dungeon.
             The game lasted 01:11:19 (9188 turns).

Snupthedog the Black Sun (Deep Dwarf Necromancer)   Turns: 9188, Time: 01:11:28

Health: -2/96      AC:  6    Str: 15    XL:     11   Next: 7%
Magic:  23/45      EV: 12    Int: 27    God:    Kikubaaqudgha [*****.]
Gold:   702        SH:  4    Dex: 11    Spells: 6 memorised, 5 levels left

rFire  . . .     SeeInvis .     b - staff of power
rCold  . . .     Clarity  +     z - +1 robe of Vefesh {MR+ Int+4 Slay+2} (curse)
rNeg   . . .     SustAt   .     m - +0 buckler
rPois  .         Gourm    .     C - +0 helmet {Int+3}
rElec  +         Spirit   .     (no cloak)
rCorr  +         Warding  .     t - +2 pair of gloves of Uqien {rElec Dex-3 Slay+2}
rMut   .         Stasis   .     (no boots)
MR     ++...                    f - amulet of resist corrosion
Stlth  ++........               x - ring of magical power
                                y - +5 ring of intelligence

@: death channel, non-regenerating, very resistant to hostile enchantments,
unstealthy
A: damage resistance, recharge devices, clarity, deformed body, deterioration 1,
sense surroundings 2, slow healing 3
a: Device Recharging, Receive Corpses, Torment, Renounce Religion


You were on level 11 of the Dungeon.
You worshipped Kikubaaqudgha.
Kikubaaqudgha was extremely pleased with you.
You were hungry.

You visited 1 branch of the dungeon, and saw 11 of its levels.

You collected 702 gold pieces.

Inventory:

Hand weapons
 a - the +0 dagger "Iklielaq" {venom, rF+ Stlth+}
   (You found it on level 4 of the Dungeon)

   It poisons the flesh of those it strikes.
   It protects you from fire.
   It makes you more stealthy.
 n - a +2 war axe of electrocution
 u - the +9 Staff of Wucad Mu {channel}
   (You found it on level 10 of the Dungeon)
Armour
 m - a +0 buckler (worn)
 t - the +2 pair of gloves of Uqien (worn) {rElec Dex-3 Slay+2}
   (You found it on level 4 of the Dungeon)

   It affects your dexterity (-3).
   It affects your accuracy and damage with ranged weapons and melee attacks
   (+2).
   It insulates you from electricity.
 z - the cursed +1 robe of Vefesh (worn) {MR+ Int+4 Slay+2}
   (You found it on level 5 of the Dungeon)

   It affects your intelligence (+4).
   It affects your accuracy and damage with ranged weapons and melee attacks
   (+2).
   It affects your resistance to hostile enchantments.
   It has a curse placed upon it.
 C - a +0 helmet of intelligence (worn)
Magical staves
 b - an uncursed staff of power (weapon)
 N - an uncursed staff of fire {unknown}
Jewellery
 f - an amulet of resist corrosion (around neck)
 i - an uncursed ring of see invisible
 j - an uncursed ring of teleportation
 k - an uncursed ring of protection from cold
 x - a ring of magical power (right hand)
 y - a +5 ring of intelligence (left hand)
Magical devices
 c - a wand of heal wounds (1)
 p - a wand of digging (1)
 B - a wand of flame (17)
 D - a wand of flame (15)
 G - a wand of enslavement (5)
 L - a wand of fireball (8)
Scrolls
 h - 4 scrolls of magic mapping
 o - 6 scrolls of remove curse
 E - 3 scrolls of blinking
 H - a scroll of fear
 I - a scroll of teleportation
Potions
 g - 7 potions of curing
 q - 2 potions of brilliance
 s - 2 potions of haste
 A - a potion of berserk rage
 K - a potion of flight {unknown}
Books
 e - Kikubaaqudgha's Volume of Dark Magic
   (Kikubaaqudgha gifted it to you on level 9 of the Dungeon)

   Spells                             Type                      Level
   a - Animate Dead                   Necromancy                   4
   b - Excruciating Wounds            Charms/Necromancy            5
   c - Dispel Undead                  Necromancy                   5
   d - Simulacrum                     Ice/Necromancy               6
   e - Death Channel                  Necromancy                   6
 r - a book of the Dragon

   Spells                             Type                      Level
   a - Flame Tongue                   Conjuration/Fire             1
   b - Cause Fear                     Hexes                        4
   c - Bolt of Fire                   Conjuration/Fire             6
   d - Dragon Form                    Transmutation                7
   e - Dragon's Call                  Summoning                    9
 M - a book of Necromancy

   Spells                             Type                      Level
   a - Pain                           Necromancy                   1
   b - Animate Skeleton               Necromancy                   1
   c - Vampiric Draining              Necromancy                   3
   d - Regeneration                   Charms/Necromancy            3
   e - Animate Dead                   Necromancy                   4
   f - Control Undead                 Necromancy                   4
 O - a book of Maledictions

   Spells                             Type                      Level
   a - Corona                         Hexes                        1
   b - Ensorcelled Hibernation        Hexes/Ice                    2
   c - Confuse                        Hexes                        3
   d - Tukima's Dance                 Hexes                        3
   e - Dazzling Spray                 Conjuration/Hexes            3
Miscellaneous
 l - a lamp of fire (inert)
 F - a stone of tremors
Comestibles
 d - 9 bread rations
 v - 3 beef jerkies
 w - 8 fruits
 J - 3 meat rations


   Skills:
 + Level 5.3 Fighting
 + Level 4.8 Axes
 - Level 2.4 Dodging
 - Level 2.9 Stealth
 - Level 4.0 Shields
 + Level 7.9 Spellcasting
 + Level 13.1 Necromancy


You had 5 spell levels left.
You knew the following spells:

 Your Spells              Type           Power        Failure   Level  Hunger
a - Pain                  Necr           ####         1%          1    None
b - Vampiric Draining     Necr           ######....   1%          3    None
c - Animate Skeleton      Necr           N/A          1%          1    None
d - Control Undead        Necr           ######....   1%          4    ##.....
e - Dispel Undead         Necr           ######..     1%          5    ####...
f - Death Channel         Necr           ######....   4%          6    ######.


Dungeon Overview and Level Annotations

Branches:
Dungeon (11/15)            Temple (0/1) D:7            Lair (0/8) D:10
    Orc (0/4) D:10

Altars:
Ashenzari
Cheibriados
Dithmenos
Elyvilon
Fedhas
Gozag
Kikubaaqudgha
Makhleb
Okawaru
Sif Muna
Vehumet
Yredelemnul
Zin

Annotations:
D:5 bal's ghost, average DsGl
D:7 wvc's ghost, experienced VSAr


Innate Abilities, Weirdness & Mutations

You are resistant to damage.
You can recharge devices by infusing magical energy.
You passively map the area around you.
You do not heal naturally.
You possess an exceptional clarity of mind.
Armour fits poorly on your strangely shaped body.
Your body sometimes deteriorates upon taking damage.


Message History

The fireball explodes!
The fireball engulfs the centaur.
You kill the centaur!
Kikubaaqudgha accepts your kill.
A glowing mist starts to gather...
The fireball engulfs your centaur.
Your centaur is severely wounded.
The centaur is no longer charmed.
The fireball engulfs the centaur.
The centaur is moderately wounded.
The fireball engulfs the centaur.
The centaur is moderately wounded.
The fireball engulfs your spectral centaur.
Your spectral centaur is heavily damaged.
Evoking this partially-identified wand wasted a few charges.
A spectral centaur comes into view.
The centaur shoots an arrow.
The arrow hits you!
* * * LOW HITPOINT WARNING * * *
Your spectral yak gores the centaur!
The centaur wields an uncursed shortbow.
The centaur shoots an arrow.
The arrow hits you!
You die...
Kikubaaqudgha rasps: "You have failed me!
Welcome... death!"

*, * , #.#####.c. , , *
####.....c... , , # ,, , ,
.......).c# *** *
#######..,, .....ccc.# ,
.Z....... ...Z...Z#
..######.#######..(....#
..#....#.#.....#((.....##
*** ,
..'....#.#.....#(........
,, , ,
.##....#.#.....#@######..
** .#.....#.#.....#Z# ,* ,
.#.....#.#.....#Z# ,, ,
.#.....#.'...>.#.+ + *
.###'###.#######.# ,,
.................#, ≈ ,
.................# , ,#≈
.................#,,*##.+,
,
.................####...+,
* *


You could see a spectral centaur, 5 centaurs and 3 friendly spectral yaks.

Vanquished Creatures
  A centaur warrior (D:10)
  An unseen horror (D:8)
  A komodo dragon (D:10)
  A merfolk (D:9)
  Grinder (D:4)
  Sigmund (D:4)
  Eustachio (D:4)
  7 yaks
  2 hungry ghosts
  An orc warrior (D:6)
  A water moccasin (D:10)
  A black bear (D:6)
  2 ogres
  4 sky beasts
  A wasp (D:10)
  2 centaurs
  A crocodile (D:10)
  A big kobold (D:10)
  5 giant frogs
  11 killer bees
  A scorpion (D:10)
  3 wights (D:8)
  8 crimson imps
  3 giant frog zombies
  An iguana (D:6)
  2 centaur skeletons
  A giant frog skeleton (D:5)
  3 orc priests
  2 jellies
  4 orc wizards
  4 hounds
  8 worker ants
  A hound zombie (D:5)
  3 hound skeletons
  13 adders
  3 gnolls (D:7)
  6 river rats (D:10)
  4 oozes
  An adder skeleton (D:6)
  3 worms
  5 giant geckos
  21 orcs
  2 ball pythons (D:1)
  2 bat zombies
  13 goblins
  17 hobgoblins
  A quokka (D:8)
  9 bats
  4 giant cockroaches
  2 giant newts
  3 jackals (D:11)
  12 kobolds
  A quokka zombie (D:9)
  13 rats
225 creatures vanquished.

Vanquished Creatures (collateral kills)
  An unseen horror (D:11)
  A troll (D:10)
  5 yaks
  A giant frog (D:8)
  5 killer bees
  A crimson imp (D:11)
  2 jellies
  2 centaur zombies (D:11)
  A hound (D:6)
  A giant frog skeleton (D:5)
  A worker ant (D:11)
  An adder (D:5)
  3 river rats (D:10)
  2 shadow imps
  An adder skeleton (D:4)
  An orc (D:6)
  A hobgoblin (D:11)
  A jackal (D:11)
  33 rats (D:10)
64 creatures vanquished.

Vanquished Creatures (others)
  A plant (D:10)
1 creature vanquished.

Grand Total: 290 creatures vanquished

Notes
Turn   | Place    | Note
--------------------------------------------------------------
     0 | D:1      | Snupthedog the Deep Dwarf Necromancer began the quest for the Orb.
     0 | D:1      | Reached XP level 1. HP: 15/15 MP: 3/3
   311 | D:1      | Reached XP level 2. HP: 13/22 MP: 4/4
  1004 | D:2      | Reached skill level 1 in Shields
  1004 | D:2      | Reached XP level 3. HP: 21/28 MP: 1/5
  1028 | D:2      | Learned a level 3 spell: Vampiric Draining
  1055 | D:2      | Found an opulent altar of Gozag.
  1580 | D:2      | Reached XP level 4. HP: 24/36 MP: 3/6
  1962 | D:3      | Found a radiant altar of Vehumet.
  1964 | D:3      | Found a glowing silver altar of Zin.
  1971 | D:3      | Found a deep blue altar of Sif Muna.
  2066 | D:4      | Reached XP level 5. HP: 15/42 MP: 2/7
  2075 | D:4      | Learned a level 1 spell: Animate Skeleton
  2090 | D:4      | Reached skill level 5 in Necromancy
  2117 | D:4      | HP: 1/42 [centaur skeleton (6)]
  2140 | D:4      | Found an ancient bone altar of Kikubaaqudgha.
  2146 | D:4      | Became a worshipper of Kikubaaqudgha
  2398 | D:4      | Noticed Sigmund
  2614 | D:3      | Reached skill level 1 in Axes
  2702 | D:3      | Reached XP level 6. HP: 20/50 MP: 5/9
  3102 | D:4      | Got a slimy dagger
  3103 | D:4      | Identified the +0 dagger "Iklielaq" {venom, rF+ Stlth+} (You found it on level 4 of the Dungeon)
  3185 | D:4      | Killed Sigmund
  3185 | D:4      | Reached skill level 1 in Fighting
  3230 | D:4      | Reached skill level 6 in Necromancy
  3252 | D:4      | Learned a level 4 spell: Control Undead
  3302 | D:4      | Noticed Eustachio
  3320 | D:4      | Killed Eustachio
  3320 | D:4      | Reached XP level 7. HP: 7/61 MP: 3/10
  3343 | D:4      | Found a shadowy altar of Dithmenos.
  3427 | D:4      | Noticed Grinder
  3433 | D:4      | Got a pair of jewelled gloves
  3466 | D:4      | Killed Grinder
  3466 | D:4      | Reached skill level 7 in Necromancy
  3478 | D:4      | Identified the +2 pair of gloves of Uqien {rElec Dex-3 Slay+2} (You found it on level 4 of the Dungeon)
  3603 | D:4      | Acquired Kikubaaqudgha's first power
  3603 | D:4      | Received a gift from Kikubaaqudgha
  3606 | D:4      | Identified Kikubaaqudgha's Grimoire of Dark Rituals (Kikubaaqudgha gifted it to you on level 4 of the Dungeon)
  3858 | D:5      | Entered Level 5 of the Dungeon
  3926 | D:5      | Noticed bal's ghost (average DsGl)
  4064 | D:5      | Got a distressingly furry robe
  4075 | D:5      | Identified the cursed +1 robe of Vefesh {MR+ Int+4 Slay+2} (You found it on level 5 of the Dungeon)
  4197 | D:5      | Reached XP level 8. HP: 35/69 MP: 10/10
  4305 | D:5      | Found a blossoming altar of Fedhas.
  4492 | D:6      | Reached skill level 8 in Necromancy
  4613 | D:6      | Found a basalt altar of Yredelemnul.
  4986 | D:6      | Reached skill level 9 in Necromancy
  5197 | D:6      | Found a white marble altar of Elyvilon.
  5259 | D:7      | Found a staircase to the Ecumenical Temple.
  5268 | D:7      | Noticed wvc's ghost (experienced VSAr)
  5271 | D:7      | Acquired Kikubaaqudgha's second power
  5459 | D:8      | Noticed an unseen horror
  5483 | D:8      | Killed an unseen horror
  5483 | D:8      | Reached skill level 10 in Necromancy
  5483 | D:8      | Gained mutation: You passively map the area around you. [Deep Dwarf growth]
  5483 | D:8      | Reached XP level 9. HP: 21/79 MP: 5/13
  5853 | D:8      | Reached skill level 11 in Necromancy
  6070 | D:8      | Found a shattered altar of Ashenzari.
  6246 | D:8      | Reached skill level 5 in Spellcasting
  6550 | D:8      | Found a burning altar of Makhleb.
  6747 | D:9      | Found a snail-covered altar of Cheibriados.
  6816 | D:9      | Reached skill level 5 in Fighting
  6850 | D:9      | Found an iron altar of Okawaru.
  7067 | D:9      | Reached XP level 10. HP: 24/88 MP: 17/17
  7120 | D:9      | Received a gift from Kikubaaqudgha
  7123 | D:9      | Identified Kikubaaqudgha's Volume of Dark Magic (Kikubaaqudgha gifted it to you on level 9 of the Dungeon)
  7156 | D:9      | Learned a level 5 spell: Dispel Undead
  7166 | D:9      | Learned a level 6 spell: Death Channel
  7458 | D:10     | Entered Level 10 of the Dungeon
  7513 | D:10     | Acquired Kikubaaqudgha's third power
  7790 | D:10     | Found a staircase to the Orcish Mines.
  7832 | D:10     | Reached skill level 12 in Necromancy
  7870 | D:10     | Gained mutation: You possess an exceptional clarity of mind. [mutagenic meat]
  7872 | D:10     | Gained mutation: Your body sometimes deteriorates upon taking damage. [mutagenic meat]
  7873 | D:10     | Gained mutation: Your magical capacity is low (-10% MP). [mutagenic meat]
  7874 | D:10     | Lost mutation: Your magical capacity is low (-10% MP). [mutagenic meat]
  7875 | D:10     | Gained mutation: Armour fits poorly on your strangely shaped body. [mutagenic meat]
  7924 | D:10     | Found a staircase to the Lair.
  7983 | D:10     | Noticed a centaur warrior
  8497 | D:10     | Killed a centaur warrior
  8842 | D:11     | Acquired Kikubaaqudgha's fourth power
  8955 | D:11     | Noticed an unseen horror
  8956 | D:11     | Killed an unseen horror
  9017 | D:11     | Reached skill level 13 in Necromancy
  9017 | D:11     | Reached XP level 11. HP: 70/96 MP: 17/21
  9188 | D:11     | Shot with an arrow by a centaur

Vault maps used:
D:1:      evilmike_arrival_hilbert_curve, minivault_25
D:2:      first_bread, nicolae_gozag_seed_capital
D:3:      gammafunk_temple_overflow_forgotten
D:4:      nicolae_dithmenos_the_darkroom, kiku_gazebo_garden_becter,
          kennysheep_windowed_goal, uniq_eustachio, uniq_sigmund, uniq_grinder
D:5:      fedhas_altar_fruit_tree
D:6:      elyvilon_altar_3, lemuel_round_altar
D:7:      lemuel_upstairs_altar, lemuel_doored_altar,
          minmay_temple_entry_purple_smoke
D:8:      lightli_temple_of_fire, lemuel_coloured_pillars_altar,
          serial_co_window_serial, co_window_paths_b,
          co_window_of_opportunity_a, co_window_of_opportunity_a,
          co_window_paths_b, co_window_corner_a, co_window_paths_a,
          co_window_paths_b, co_window_corner_a, co_window_paths_a,
          co_window_corner_b, co_window_cross_4, glass_columns_c,
          glass_columns_b
D:9:      kennysheep_mini, hangedman_fish_farm, cheibriados_altar_1
D:10:     david_lair_shrubbed, orc_0_dummy, rats_and_rats_again
D:11:     enter_bailey_3, kennysheep_generic_room_4

Action                   |  1- 3 |  4- 6 |  7- 9 | 10-12 || total
-------------------------+-------+-------+-------+-------++-------
Melee: Spear             |   121 |   188 |       |       ||   309
       Dagger            |       |    55 |   212 |   112 ||   379
       War axe           |       |    17 |    71 |     8 ||    96
       Staff             |       |       |       |     6 ||     6
 Cast: Pain              |    25 |    14 |    12 |    18 ||    69
       Vampiric Draining |       |    20 |    74 |    65 ||   159
       Animate Skeleton  |       |     1 |    14 |     8 ||    23
       Control Undead    |       |       |     1 |       ||     1
       Death Channel     |       |       |       |     7 ||     7
       Dispel Undead     |       |       |       |     6 ||     6
 Abil: Device Recharging |       |       |     1 |       ||     1
Evoke: Wand              |     1 |     4 |     7 |     6 ||    18
       Lamp of fire      |       |       |       |     1 ||     1
  Use: Scroll            |     5 |     2 |     1 |    11 ||    19
       Potion            |       |     1 |       |     4 ||     5
 Stab: Sleeping          |     8 |     2 |     9 |     5 ||    24
       Distracted        |     1 |       |     1 |     1 ||     3
  Eat: Chunk             |     2 |     2 |     6 |    13 ||    23
       Beef jerky        |     1 |       |       |     1 ||     2
       Bread ration      |       |     1 |       |       ||     1
       Meat ration       |       |     1 |     1 |       ||     2
       Fruit             |       |       |     5 |     1 ||     6
